 Dungeon Crawl Stone Soup version 0.31-a0-16-g6d2539766c (webtiles) character file.

Game seed: 11716802338747151445

70 subawu the Cudgeller (level 4, -1/40 HPs)
             Began as a Minotaur Monk on May 8, 2023.
             Succumbed to an adder's poison
             ... on level 2 of the Dungeon.
             The game lasted 00:09:56 (1578 turns).

subawu the Cudgeller (Minotaur Monk)                Turns: 1578, Time: 00:09:56

Health: -1/40      AC:  3    Str: 16    XL:     4   Next: 4%
Magic:  3/3        EV:  8    Int:  9    God:
Gold:   73         SH: 11    Dex: 12    Spells: 3/3 levels left

rFire   . . .        l - +0 sling
rCold   . . .        i - +0 tower shield
rNeg    . . .        k - +0 leather armour
rPois   .            (helmet restricted)
rElec   .            (no cloak)
rCorr   .            (no gloves)
SInv    .            (no boots)
Will    .....        j - amulet of the acrobat
Stlth   +            (no ring)
HPRegen 0.26/turn    (no ring)
MPRegen 0.08/turn

%: acrobat
@: lethally poisoned (-1 -> -13)
A: horns 2, retaliatory headbutt
a: no special abilities


You were on level 2 of the Dungeon.
You visited 1 branch of the dungeon, and saw 2 of its levels.

You collected 73 gold pieces.

Inventory:

Hand Weapons
 a - a +1 mace
 l - a +0 sling (weapon)
Missiles
 f - 14 stones
 g - 4 atropa-tipped darts
Armour
 b - a +0 robe
 d - an orb of light
 h - a +0 pair of boots
 i - a +0 tower shield (worn)
 k - a +0 leather armour (worn)
Jewellery
 j - an amulet of the acrobat (around neck)
Scrolls
 e - a scroll of enchant weapon
Potions
 c - a potion of ambrosia
 m - a potion of flight


   Skills:
 + Level 4.2 Fighting
 + Level 4.6 Maces & Flails
 + Level 0.5 Ranged Weapons
 + Level 0.2 Armour
 + Level 3.8 Dodging
 + Level 0.3 Stealth
 + Level 1.2 Shields


You had 3 spell levels left.
You didn't know any spells.
Your spell library was empty.

Dungeon Overview and Level Annotations

Branches:
Dungeon (2/15)

Altars:


Innate Abilities, Weirdness & Mutations

You have a pair of horns on your head.
You reflexively headbutt those who attack you in melee.


Message History

You shoot a sling bullet. The sling bullet hits the adder.
The adder is heavily wounded.
You feel sick. You block the adder's attack. The adder bites you.
You are more poisoned.
The adder poisons you! The adder bites you. You block the adder's attack.
You shoot a sling bullet.
The sling bullet barely misses the adder.
You feel very sick. You block the adder's attack. The adder bites you.
You are more poisoned.
The adder poisons you! You block the adder's attack.
The adder closely misses you.
You shoot a sling bullet.
The sling bullet hits the adder but does no damage.
You feel very sick. The adder barely misses you. The adder bites you.
You are more poisoned.
The adder poisons you! The adder barely misses you.
You block the adder's attack. x2
You shoot a sling bullet. The sling bullet hits the adder!
The adder is severely wounded.
* * * LOW HITPOINT WARNING * * *
You feel very sick. The adder barely misses you. You block the adder's attack.
The adder barely misses you. x2; You block the adder's attack.
You shoot a sling bullet. The sling bullet hits the adder.
You kill the adder!
* * * LOW HITPOINT WARNING * * *
You feel very sick. You block the adder's attack.
The adder bites you but does no damage. The adder bites you.
* * * LOW HITPOINT WARNING * * *
You are more poisoned.
The adder poisons you!
Your Shields skill increases to level 1!
You have reached level 4!
You feel stronger.
You shoot a sling bullet. The sling bullet hits the adder.
The adder is severely wounded.
You die...

........†...#
.......#.####
>......#.####
............#
.......##.#.#####
.......†.........
.......##.#..####
..........##....##
.....###.......S@#
##..##
##.####..........
....
.......:.......##
###
###.####....###...
... ....... .. #.#
#..###### #.# #$##
... ..


You could see an adder.

Vanquished Creatures
  A gnoll (D:1)
  An adder (D:2)
  2 dart slugs (D:2)
  3 bats
  3 endoplasms (D:1)
  2 giant cockroaches (D:1)
  3 goblins (D:1)
  5 hobgoblins
  3 jackals (D:1)
  5 kobolds (D:1)
  3 quokkas
  5 ball pythons
  3 frilled lizards
  4 rats
43 creatures vanquished.

Notes
Turn   | Place    | Note
-------+----------+-------------------------------------------
     0 | D:1      | subawu the Minotaur Monk began the quest for the Orb.
     0 | D:1      | Reached XP level 1. HP: 19/19 MP: 0/0
   139 | D:1      | Reached XP level 2. HP: 12/27 MP: 1/1
   728 | D:1      | Reached XP level 3. HP: 25/33 MP: 2/2
  1578 | D:2      | Reached skill level 1 in Shields
  1578 | D:2      | Reached XP level 4. HP: 4/40 MP: 3/3
  1578 | D:2      | Succumbed to an adder's poison

Illustrated notes

Levels and vault maps discovered:
D:1:      shiori_arrival_elements, layout_loops_corners
D:2:      layout_rooms, nicolae_elevator_lobby_asterisk

Skill      XL: |  1  2  3 |
---------------+----------+-----
Maces & Flails | 4 |  4.6
Fighting       | 4 |  4.2
Shields        | 1 |  1.2
Ranged Weapons | |  0.5
Armour         | |  0.2
Dodging        | |  3.8
Stealth        | |  0.3

Action                     |  1- 3 |  4- 6 || total
---------------------------+-------+-------++-------
  Melee: Mace              |    65 |       ||    65
         Headbutt          |     6 |       ||     6
   Fire: Sling             |    23 |     1 ||    24
    Use: Scroll            |     6 |       ||     6
         Potion            |     1 |       ||     1
 Armour: Robe              |     9 |       ||     9
         Leather armour    |    10 |       ||    10
  Dodge: Dodged            |    59 |       ||    59
  Block: Tower shield      |    62 |       ||    62

Table legend: (Time is in decaauts)
 A = Elapsed time spent in this place.
 B = Non-inter-level travel time spent in this place.
 C = Inter-level travel time spent in this place.
 D = Time resting spent in this place.
 E = Time spent auto-exploring this place.
 F = Levels seen in this place.
 G = Mean time per level.
                   A        B        C        D        E       F      G
               +--------+--------+--------+--------+--------+-----+--------+
         Total |   1629 |   1333 |    296 |     55 |      0 |   2 |  814.5 |
       Dungeon |   1629 |   1333 |    296 |     55 |      0 |   2 |  814.5 |
               +--------+--------+--------+--------+--------+-----+--------+

Top non-repeatable levels by time:
     D:1: 1465 daAuts
     D:2: 164 daAuts
